 Dungeon Crawl Stone Soup version 0.28.0-47-ge53b351184 (webtiles) character file.

Game seed: 10518805644483835617

1592 Revguard the Magician (level 8, -4/58 (60) HPs)
             Began as a Demonspawn Gladiator on May 6, 2022.
             Slain by an ogre (9 damage)
             ... on level 6 of the Dungeon.
             The game lasted 00:17:57 (7939 turns).

Revguard the Magician (Demonspawn Gladiator)        Turns: 7939, Time: 00:17:58

HP:   -4/58 (60)    AC:  8    Str: 14    XL:     8   Next: 61%
MP:   15/15         EV: 13    Int: 12    God:
Gold: 252           SH:  0    Dex: 15    Spells: 8/16 levels left

rFire   . . .      SeeInvis .   v - +3 dagger (venom)
rCold   + . .      Faith    .   (no shield)
rNeg    . . .      Spirit   .   b - +0 leather armour
rPois   .          Reflect  .   c - +0 helmet
rElec   .          Harm     .   l - +0 cloak
rCorr   .          Rampage  .   p - +0 pair of gloves
Will    .....                   j - +0 pair of boots
Stlth   +.........              e - amulet of magic regeneration
HPRegen 0.19/turn               k - ring of protection from cold
MPRegen 0.54/turn               (no ring)

@: lightly drained
A: hooves 1, foul stench 3
a: no special abilities


You were on level 6 of the Dungeon.
You visited 1 branch of the dungeon, and saw 6 of its levels.

You collected 281 gold pieces.
You spent 29 gold pieces at shops.

Inventory:

Hand Weapons
 v - a +3 dagger of venom (weapon)
Missiles
 d - 2 throwing nets (quivered)
Armour
 b - a +0 leather armour (worn)
 c - a +0 helmet (worn)
 j - a +0 pair of boots (worn)
 l - a +0 cloak (worn)
 p - a +0 pair of gloves (worn)
Jewellery
 e - an amulet of magic regeneration (around neck)
 k - a ring of protection from cold (left hand)
Wands
 f - a wand of paralysis (12)
 m - a wand of iceblast (14)
 q - a wand of flame (27)
 u - a wand of digging (6)
Scrolls
 a - 2 scrolls of blinking
 h - 2 scrolls of enchant armour
 i - a scroll of vulnerability
 o - a scroll of immolation
Potions
 g - 2 potions of brilliance
 n - a potion of curing
 r - a potion of flight
 w - a potion of magic


   Skills:
 + Level 4.2 Fighting
 + Level 4.3 Short Blades
 - Level 1.7 Throwing
 + Level 3.3 Armour
 + Level 4.3 Dodging
 - Level 0.7 Stealth
 * Level 4.9 Spellcasting
 + Level 3.4 Hexes
 + Level 3.8 Necromancy


You had 8 spell levels left.
You knew the following spells:

 Your Spells              Type           Power      Damage    Failure   Level
a - Tukima's Dance        Hex            11%        N/A       19%         3
b - Yara's Violent Unrav  Hex/Tmut       3%         3d4       98%         5

Your spell library contained the following spells:

 Spells                   Type           Power      Damage    Failure   Level
 Summon Small Mammal      Summ           8%         N/A       26%         1
 Summon Guardian Golem    Hex/Summ       7%         N/A       36%         3
 Call Canine Familiar     Summ           2%         N/A       58%         3
 Passage of Golubria      Tloc           2%         N/A       94%         4
 Silence                  Hex/Air        3%         N/A       98%         5
 Lehudib's Crystal Spear  Conj/Erth      1%         10d2      100%        8


Dungeon Overview and Level Annotations

Branches:
Dungeon (6/15)
 Temple: D:4-7

Altars:
Cheibriados
Nemelex Xobeh
Ru
Trog
Vehumet
The Shining One

Shops:
D:3 *   D:4 (   D:6 *


Innate Abilities, Weirdness & Mutations

You have large cloven feet.
You frequently emit foul miasma when damaged in melee.


Message History

You hit the necrophage.
The necrophage is severely damaged.
The necrophage hits you.
You hit the necrophage but do no damage.
The necrophage is severely damaged.
The necrophage misses you.
You barely miss the necrophage.
The necrophage is severely damaged.
You hit the necrophage but do no damage.
The necrophage is severely damaged.
The necrophage closely misses you.
You barely miss the necrophage.
The necrophage is severely damaged.
The necrophage hits you.
You feel drained.
* * * LOW HITPOINT WARNING * * *
You closely miss the necrophage.
The necrophage is severely damaged.
The necrophage hits you but does no damage.
You hit the necrophage.
The necrophage is severely damaged.
The necrophage closely misses you.
You hit the necrophage.
The necrophage is almost destroyed.
You hit the necrophage.
You destroy the necrophage!
Casting: Tukima's Dance (dangerous; 19% risk of failure)
Confirm with . or Enter, or press ? or * to list all spells.
Aiming: Tukima's Dance (dangerous; 19% risk of failure)
Press: ? - help, Shift-Dir - straight line, f - ogre
Aim: an ogre, wielding a +0 giant club (chance to affect: 45%)
The +0 giant club dances into the air!
The ogre barely misses you.
You hit the ogre.
The ogre is poisoned.
The ogre is lightly wounded.
The ogre hits you!
* * * LOW HITPOINT WARNING * * *
You emit a cloud of foul miasma!
You see here a scorpion corpse.
The ogre is engulfed in dark miasma.
The ogre looks even sicker.
The ogre hits you!
You die...

##########.. ..
..########## #.. ....#..
#..........# #.. .... ..
#..........####.. .....#.
#..........'..... .....#.##
#..........####). ........#
#.#######'## #..
#.......###(#######.#####..
.........O@.....<.....#....
.##.##.###.#######.#.#....
#....†)(...?# #.#..#...
........###.##.# #.#...#.#
..####### #.# # #.#####∩#
#.# ..#<.##.#
#.##########.#...
#.......#...#....
#######.#.###....


You could see an ogre (very poisoned).

Vanquished Creatures
  A troll (D:5)
  A water moccasin (D:6)
  An ice beast (D:6)
  A necrophage (D:6)
  2 ogres
  2 centaurs (D:5)
  2 scorpions
  A water moccasin skeleton (D:5)
  A bullfrog zombie (D:6)
  A hound (D:6)
  2 orc priests
  A centaur skeleton (D:6)
  A bullfrog skeleton (D:6)
  4 iguanas
  5 orc wizards
  A hound zombie (D:5)
  2 hound skeletons
  Robin (D:2)
  4 gnolls (D:3)
  3 adders
  A shadow imp (D:6)
  A white imp (D:4)
  A worm (D:4)
  A dart slug (D:5)
  12 orcs
  7 ball pythons
  3 bats
  6 endoplasms
  2 giant cockroaches
  18 goblins
  8 hobgoblins
  2 quokkas
  3 frilled lizards
  7 kobolds
  4 rats
113 creatures vanquished.

Vanquished Creatures (others)
  A dancing weapon (D:6)
1 creature vanquished.

Grand Total: 114 creatures vanquished

Notes
Turn   | Place    | Note
-------+----------+-------------------------------------------
     0 | D:1      | Revguard the Demonspawn Gladiator began the quest for the
                  | Orb.
     0 | D:1      | Reached XP level 1. HP: 16/16 MP: 1/1
   250 | D:1      | Gained mutation: You may rarely emit foul miasma when
                  | damaged in melee. [demonic ancestry]
   250 | D:1      | Reached XP level 2. HP: 13/22 MP: 2/2
   635 | D:1      | Found a faded altar of an unknown god.
   639 | D:1      | Prayed at the altar of an unknown god.
   639 | D:1      | Became a worshipper of Vehumet
   639 | D:1      | Reached * piety under Vehumet
   639 | D:1      | Offered knowledge of Freeze by Vehumet.
   645 | D:1      | Fell from the grace of Vehumet
   808 | D:2      | Reached skill level 1 in Spellcasting
  1149 | D:2      | Reached XP level 3. HP: 27/27 MP: 4/4
  1208 | D:2      | Noticed Robin
  1245 | D:2      | Reached skill level 1 in Hexes
  1258 | D:2      | Killed Robin
  1259 | D:2      | Reached skill level 1 in Necromancy
  2170 | D:2      | Reached skill level 1 in Armour
  2309 | D:3      | Reached XP level 4. HP: 33/33 MP: 6/6
  2394 | D:3      | HP: 1/33 [gnoll/+0 spear (5)]
  2399 | D:3      | HP: 1/34 [gnoll/+0 spear (1)]
  3045 | D:3      | Found Carphi's Assorted Antiques.
  3164 | D:3      | Bought a scroll labelled PEABOO KEPTA for 29 gold pieces
  3513 | D:4      | Noticed a scorpion
  3518 | D:4      | Killed a scorpion
  3519 | D:4      | Gained mutation: You have large cloven feet. [demonic
                  | ancestry]
  3519 | D:4      | Reached XP level 5. HP: 39/39 MP: 8/8
  4173 | D:4      | Noticed an ogre
  4196 | D:4      | Killed an ogre
  4197 | D:4      | Gained mutation: You sometimes emit foul miasma when
                  | damaged in melee. [demonic ancestry]
  4197 | D:4      | Reached XP level 6. HP: 9/46 MP: 8/10
  4219 | D:4      | Learned a level 3 spell: Tukima's Dance
  4724 | D:4      | Found a sparkling altar of Nemelex Xobeh.
  5281 | D:4      | Found a sparkling altar of Nemelex Xobeh.
  5400 | D:4      | Found Courumok's Weapon Emporium.
  5520 | D:5      | Entered Level 5 of the Dungeon
  5690 | D:5      | Was forgiven by Vehumet
  5784 | D:5      | Reached XP level 7. HP: 42/52 MP: 11/11
  5876 | D:5      | Found a snail-covered altar of Cheibriados.
  5881 | D:5      | Found a sacrificial altar of Ru.
  6919 | D:5      | Noticed a troll
  6925 | D:5      | Killed a troll
  6926 | D:5      | Gained mutation: You frequently emit foul miasma when
                  | damaged in melee. [demonic ancestry]
  6926 | D:5      | Reached XP level 8. HP: 46/60 MP: 12/14
  6939 | D:5      | Learned a level 5 spell: Yara's Violent Unravelling
  7261 | D:5      | Found a bloodstained altar of Trog.
  7286 | D:6      | Found Hyurod's Neck Hole.
  7939 | D:6      | Slain by an ogre

Illustrated notes

Levels and vault maps discovered:
D:1:      heliophobic_arrival_ceremonial_halls, layout_rooms,
          shapermc_ecumenical_altar_petra
D:2:      layout_basic, uniq_robin
D:3:      layout_rooms, serial_shops, nicolae_shop_trees, patterned_corridor
D:4:      layout_loops_ring, nemelex_diamond_rough_becter, serial_shops,
          nicolae_shop_crystal, st_stairs_9, kennysheep_diamond,
          amcnicky_mini_pool_small, minmay_misc_feat_alley
D:5:      kennysheep_six_static_rooms, layout_basic, lemuel_tele_altar,
          grunt_temple_overflow_diamond
D:6:      layout_basic, nicolae_shop_sticking_my_neck_out

Skill      XL: |  1  2  3  4  5  6  7  8 |
---------------+-------------------------+-----
Spellcasting   | 1 2 3 4 |  4.9
Hexes          | 1 2 3 |  3.4
Necromancy     | 1 2 3 |  3.8
Dodging        | 3 4 |  4.3
Armour         | 1 2 3 |  3.3
Short Blades   | 3 4 |  4.3
Fighting       | 3 4 |  4.2
Throwing       | |  1.7
Stealth        | |  0.7

Action                   |  1- 3 |  4- 6 |  7- 9 || total
-------------------------+-------+-------+-------++-------
Melee: Rapier            |    16 |       |       ||    16
       Dagger            |    83 |   170 |   202 ||   455
       Punch             |       |     4 |     3 ||     7
Throw: Throwing net      |       |     5 |       ||     5
 Cast: Tukima's Dance    |       |       |     2 ||     2
Invok: Renounce Religion |     1 |       |       ||     1
  Use: Potion            |     1 |     3 |     1 ||     5
       Scroll            |       |     8 |     3 ||    11
 Stab: Held in net/web   |       |     1 |       ||     1
       Sleeping          |       |     5 |     1 ||     6
Armor: Leather armour    |    40 |    41 |    62 ||   143
Dodge: Dodged            |    57 |    74 |   129 ||   260
